 Dungeon Crawl Stone Soup version 0.30-a0-553-g7fabdf1491 (webtiles) character file.

Game seed: 873134179962122824

114 zero the Chiller (level 4, -4/24 HPs)
             Began as a Gargoyle Ice Elementalist on Dec 26, 2022.
             Slain by a gnoll
             ... wielding a +0 flail
              (9 damage)
             ... on level 3 of the Dungeon.
             The game lasted 00:02:40 (2320 turns).

zero the Chiller (Gargoyle Ice Elementalist)        Turns: 2320, Time: 00:02:40

Health: -4/24      AC:  5    Str: 11    XL:     4   Next: 97%
Magic:  1/8        EV: 11    Int: 18    God:
Gold:   84         SH:  0    Dex: 10    Spells: 5/9 levels left

rFire   . . .      SeeInvis .    j - +0 sling
rCold   . . .      Faith    .    (no shield)
rNeg    + . .      Spirit   .    a - +0 robe
rPois   ∞          Reflect  .    (no helmet)
rElec   +          Harm     .    (no cloak)
rCorr   .          Rampage  .    (no gloves)
Will    .....                    (no boots)
Stlth   ++                       (no amulet)
HPRegen 0.24/turn                (no ring)
MPRegen 0.11/turn                (no ring)

@: freezing walls
A: sickness immunity, AC +3, negative energy resistance 1, electricity
resistance, torment resistance 1, petrification resistance
a: no special abilities


You were on level 3 of the Dungeon.
You visited 1 branch of the dungeon, and saw 3 of its levels.

You collected 84 gold pieces.

Inventory:

Hand Weapons
 e - a +0 spear
 j - a +0 sling (weapon)
Missiles
 c - 5 poisoned darts
Armour
 a - a +0 robe (worn)
Scrolls
 d - 2 scrolls of summoning {unknown}
 f - 2 scrolls of identify {unknown}
 i - a scroll of immolation {unknown}
 k - a scroll of teleportation {unknown}
 m - a scroll of vulnerability {unknown}
 n - a scroll of enchant weapon {unknown}
Potions
 b - a potion of magic
 g - a potion of brilliance {unknown}
 h - 3 potions of curing {unknown}
 l - a potion of mutation {unknown}


   Skills:
 - Level 1.5 Dodging
 - Level 2.1 Stealth
 + Level 3.1 Spellcasting
 + Level 1.6 Conjurations
 + Level 1.1 Transmutations
 + Level 4.8 Ice Magic


You had 5 spell levels left.
You knew the following spells:

 Your Spells              Type           Power      Damage    Failure   Level
a - Freeze                Ice            80%        1d9       2%          1
b - Frozen Ramparts       Ice            40%        1d7       7%          3

Your spell library contained the following spells:

 Spells                   Type           Power      Damage    Failure   Level
 Ozocubu's Armour         Ice            20%        N/A       7%          3
 Summon Ice Beast         Ice/Summ       11%        N/A       52%         4
 Petrify                  Tmut/Erth      4%         N/A       77%         4
 Freezing Cloud           Conj/Ice/Air   5%         6-21      88%         5
 Irradiate                Conj/Tmut      3%         3d12      94%         5
 Simulacrum               Ice/Necr       5%         N/A       100%        6
 Polar Vortex             Ice            10%        N/A       100%        9
 Sublimation of Blood     Necr           Unusable   N/A       N/A         2

Dungeon Overview and Level Annotations

Branches:
Dungeon (3/15)

Altars:


Innate Abilities, Weirdness & Mutations

You are immune to sickness and miasma.
Your stone body is resilient. (AC +3)
You are immune to poison.
You resist negative energy. (rN+)
You are resistant to electric shocks. (rElec)
You are resistant to unholy torment.
You are immune to petrification.


Message History

The wall freezes the gnoll but does no damage.
The gnoll hits you with a +0 whip!
The wall freezes the gnoll.
The gnoll misses you.
You shoot a sling bullet. The sling bullet hits the gnoll.
The gnoll is heavily wounded.
The wall freezes the gnoll but does no damage.
The gnoll barely misses you.
The wall freezes the gnoll but does no damage.
You shoot a sling bullet.
The sling bullet barely misses the gnoll. x2
The wall freezes the gnoll but does no damage.
The wall freezes the gnoll.
The wall freezes the gnoll but does no damage.
The gnoll hits you but does no damage.
You shoot a sling bullet.
The sling bullet closely misses the gnoll.
The frozen ramparts melt away.
The gnoll hits you with a +0 whip. The gnoll misses you.
The gnoll hits you with a +0 flail. The gnoll misses you.
The gnoll barely misses you. The gnoll misses you.
Casting: Frozen Ramparts (quite dangerous; 7% risk of failure)
Confirm with . or Enter, or press ? or * to list all spells.
Casting: Frozen Ramparts (quite dangerous; 7% risk of failure)
Press: ? - help, Dir - look around, f - activate The walls around you are covered in ice.
The wall freezes the gnoll.
The gnoll hits you with a +0 whip.
* * * LOW HITPOINT WARNING * * *
The wall freezes the gnoll.
The gnoll barely misses you.
The wall freezes the gnoll.
The gnoll barely misses you.
Casting: Frozen Ramparts (quite dangerous; 7% risk of failure)
Confirm with . or Enter, or press ? or * to list all spells.
Aiming: Freeze (safe; 2% risk of failure)
Press: ? - help, Shift-Dir - straight line, f - gnoll
Aim: a gnoll, wielding a +0 whip (heavily wounded)
You freeze the gnoll.
You kill the gnoll!
The wall freezes the gnoll!
You kill the gnoll!
The wall freezes the gnoll but does no damage.
The gnoll hits you with a +0 flail!
You die...

### ############## #...
##...##)....... #####...#
######....##........ ..........#
#....#....##........
..........####...)#)...#.........
.................@g..............
..................#.........#####
#................#.#########
##................#.# ##>##
..................### 8...8#
..................# #.(...#
........########### 8.....8#
........# ##.....## ........##..
)..8#


You could see a gnoll.

Vanquished Creatures
  Jessica (D:2)
  2 gnolls (D:3)
  3 adders
  A worm (D:2)
  3 dart slugs
  An orc (D:3)
  3 endoplasms
  2 giant cockroaches
  4 hobgoblins
  7 jackals
  4 kobolds
  4 quokkas
  5 ball pythons
  3 bats
  4 frilled lizards
  3 goblins
  4 rats
54 creatures vanquished.

Notes
Turn   | Place    | Note
-------+----------+-------------------------------------------
     0 | D:1      | zero the Gargoyle Ice Elementalist began the quest for the
                  | Orb.
     0 | D:1      | Reached XP level 1. HP: 10/10 MP: 3/3
   346 | D:1      | Reached XP level 2. HP: 14/15 MP: 5/5
  1079 | D:2      | Reached XP level 3. HP: 17/19 MP: 4/6
  1083 | D:2      | Learned a level 3 spell: Frozen Ramparts
  1422 | D:2      | Noticed Jessica
  1428 | D:2      | Killed Jessica
  1429 | D:2      | Reached skill level 1 in Conjurations
  1429 | D:2      | Reached XP level 4. HP: 16/24 MP: 1/8
  1886 | D:2      | Reached skill level 1 in Transmutations
  2210 | D:3      | Found a faded altar of an unknown god.
  2320 | D:3      | Slain by a gnoll

Illustrated notes

Levels and vault maps discovered:
D:1:      minmay_arrival_diagonal_passages, layout_basic
D:2:      layout_basic, uniq_jessica
D:3:      layout_basic, nicolae_overflow_hidden_temple,
          ebering_ecumenical_altar_sacrificial, uniq_crazy_yiuf_cottage

Skill      XL: |  1  2  3  4 |
---------------+-------------+-----
Conjurations   | 1 |  1.6
Spellcasting   | 3 |  3.1
Transmutations | 1 |  1.1
Dodging        | |  1.5
Stealth        | |  2.1
Ice Magic      | |  4.8

Action                   |  1- 3 |  4- 6 || total
-------------------------+-------+-------++-------
Melee: Spear             |    29 |       ||    29
       Unarmed           |     1 |       ||     1
 Fire: Sling             |    11 |    59 ||    70
 Cast: Freeze            |    32 |    11 ||    43
       Frozen Ramparts   |     2 |     5 ||     7
 Stab: Sleeping          |     3 |       ||     3
Armor: Robe              |     9 |    14 ||    23
Dodge: Dodged            |    21 |    24 ||    45

Table legend: (Time is in decaauts)
 A = Elapsed time spent in this place.
 B = Non-inter-level travel time spent in this place.
 C = Inter-level travel time spent in this place.
 D = Time resting spent in this place.
 E = Time spent auto-exploring this place.
 F = Levels seen in this place.
 G = Mean time per level.
                   A        B        C        D        E       F      G
               +--------+--------+--------+--------+--------+-----+--------+
         Total |   2349 |   2282 |     67 |    158 |   1742 |   3 |  783.0 |
       Dungeon |   2349 |   2282 |     67 |    158 |   1742 |   3 |  783.0 |
               +--------+--------+--------+--------+--------+-----+--------+

Top non-repeatable levels by time:
     D:2: 1071 daAuts
     D:1: 971 daAuts
     D:3: 307 daAuts
